 Dungeon Sprint DCSS version 0.23.1 (webtiles) character file.

Game seed: 1782423099226611782

252 nuthulu the Covert (level 5, -6/24 HPs)
             Began as a Spriggan Enchanter on Mar 7, 2019.
             Splashed by a jelly's acid (11 damage)
             ... in the Dungeon (Sprint I: "Red Sonja").
             The game lasted 00:00:57 (123 turns).

nuthulu the Covert (Spriggan Enchanter)              Turns: 123, Time: 00:00:58

Health: -6/24      AC: -6    Str:  5    XL:     5   Next: 89%
Magic:  10/15      EV: 24    Int: 16    God:
Gold:   162        SH:  0    Dex: 17    Spells: 6/18 levels left

rFire    . . .     SeeInvis +   a - +1 dagger
rCold    . . .     Gourm    .   (shield restricted)
rNeg     . . .     Faith    .   b - +0 robe
rPois    .         Spirit   .   (helmet restricted)
rElec    .         Reflect  .   (no cloak)
rCorr    .         Harm     .   (gloves unavailable)
MR       .....     NoTele   +   (boots unavailable)
Stlth    ++++......             (no amulet)
HPRegen  0.08/turn              (no ring)
MPRegen  0.14/turn              (no ring)

@: corroded, very quick
A: very small, unfitting armour, see invisible, herbivore, speed 3, slow
metabolism 2
a: no special abilities


You were in the Dungeon.
You were not hungry.

You visited 1 branch You collected 162 gold pieces.

Inventory:

Hand Weapons
 a - a +1 dagger (weapon)
Armour
 b - a +0 robe (worn)
Wands
 c - a wand of random effects (14)
Scrolls
 j - a scroll of blinking
Potions
 e - a potion of curing
 f - a potion of heal wounds
 g - a potion of haste
 h - 2 potions of magic
Comestibles
 d - a ration


   Skills:
 * Level 6.0 Short Blades
 + Level 8.3 Dodging
 * Level 9.6 Stealth
 + Level 7.0 Spellcasting
 + Level 7.5 Hexes


You had 6 spell levels left.
You knew the following spells:

 Your Spells              Type           Power        Failure   Level  Hunger
a - Corona                Hex            ####...      1%          1    None
b - Dazzling Spray        Conj/Hex       ###...       8%          3    ##.....
c - Confuse               Hex            ####....     1%          3    ##.....
d - Ensorcelled Hibernat  Hex/Ice        ###...       4%          2    None
e - Tukima's Dance        Hex            ####....     1%          3    ##.....

Your spell library contained the following spells:

 Spells                   Type           Power        Failure   Level  Hunger


Dungeon Overview and Level Annotations

Branches:
Dungeon (1/1)

Altars:
Sif Muna
Vehumet
Wu Jian


Innate Abilities, Weirdness & Mutations

You are very small and have problems with some larger weapons.
You are too small for most types of armour.
You have supernaturally acute eyesight. (SInv)
You are a herbivore.
You cover ground extremely quickly.
You need to consume almost no food.


Message History

Okay, then.
Casting: Ensorcelled Hibernation (safe; 4% risk of failure)
Confirm with . or Enter, or press ? or * to list all spells.
Aiming: Tukima's Dance (safe; 1% risk of failure)
Press: ? - help, Shift-Dir - straight line, f - you
Okay, then.
Casting: Tukima's Dance (safe; 1% risk of failure)
Confirm with . or Enter, or press ? or * to list all spells.
Aiming: Dazzling Spray (safe; 8% risk of failure)
Press: ? - help, Shift-Dir - straight line, f - jelly
Aim: a jelly (moderately wounded)
The spray of energy hits the jelly.
The jelly is heavily wounded.
The jelly hits you.
You are splashed with acid.
You hit the jelly.
Your hands burn!
The jelly is heavily wounded.
The jelly hits you.
* * * LOW HITPOINT WARNING * * *
The acid corrodes you!
You are splashed with acid!
You die...

################
#<.#..'..#.)'..#
#..+[.#.)'..#..+
#..#####'#####'#
#..# #..# #[#
#..# #### #@#
#..# #_J+ #⌠⌠#
..._# ####
#_.#+# ##+


You could see a jelly.

Vanquished Creatures
  Sigmund (D)
  An ogre (D)
  Ijyb (D)
3 creatures vanquished.

Notes
Turn   | Place    | Note
-------+----------+-------------------------------------------
     0 | D        | nuthulu the Spriggan Enchanter began the quest for the Orb.
     0 | D        | Reached XP level 1. HP: 9/9 MP: 5/5
     1 | D        | Noticed Ijyb
    15 | D        | Killed Ijyb
    15 | D        | Reached skill level 5 in Stealth
    15 | D        | Reached XP level 2. HP: 13/13 MP: 6/8
    58 | D        | Noticed an ogre
    60 | D        | Killed an ogre
    60 | D        | Reached skill level 7 in Stealth
    60 | D        | Reached skill level 5 in Spellcasting
    60 | D        | Reached XP level 3. HP: 16/16 MP: 8/10
    60 | D        | Reached XP level 4. HP: 21/21 MP: 9/12
    85 | D        | Noticed Sigmund
    88 | D        | Killed Sigmund
    88 | D        | Reached skill level 9 in Stealth
    88 | D        | Reached XP level 5. HP: 24/24 MP: 12/15
    94 | D        | Learned a level 3 spell: Dazzling Spray
    98 | D        | Learned a level 3 spell: Confuse
   101 | D        | Learned a level 2 spell: Ensorcelled Hibernation
   105 | D        | Learned a level 3 spell: Tukima's Dance
   115 | D        | Found an ornate altar of the Wu Jian Council.
   115 | D        | Found a deep blue altar of Sif Muna.
   117 | D        | Found a radiant altar of Vehumet.
   123 | D        | Splashed by a jelly's acid

Skill      XL: |  1  2  3  4 |
---------------+-------------+-----
Short Blades   | 2 4 6 |  6.0
Dodging        | 4 6 8 |  8.3
Stealth        | 5 7 9 |  9.6
Spellcasting   | 4 5 7 |  7.0
Hexes          | 4 6 7 |  7.5

Action                   |  1- 3 |  4- 6 || total
-------------------------+-------+-------++-------
Melee: Dagger            |    13 |     3 ||    16
 Cast: Ensorcelled Hiber |       |     1 ||     1
       Dazzling Spray    |       |     1 ||     1
  Use: Potion            |     1 |       ||     1
 Stab: Sleeping          |     1 |     1 ||     2
Dodge: Dodged            |     7 |     1 ||     8
